[Event "Team 45 45 League T31"]
[Site "Internet Chess Club"]
[Date "2006.07.20"]
[Round "5"]
[White "GrandPoobah069"]
[Black "Kingofknights"]
[Result "1-0"]
[WhiteElo "1623"]
[BlackElo "1604"]
[TimeControl "2700+45"]

1. e4 c6 2. d4 d5 3. exd5 cxd5 4. c4 Nf6 5. Nc3 e6 6. Nf3 dxc4 7. Bxc4 a6 8.
Qa4+ Bd7 9. Qb3 b5 10. Bd3 Bc6 11. Be3 Nbd7 12. Qc2 Rc8 13. a3 Be7 14. Rc1 Bb7
15. Qe2 O-O 16. O-O Nd5 17. Bd2 Bf6 18. Ne4 Be7 19. Rxc8 Qxc8 20. Rc1 Qb8 21.
Nc5 Nxc5 22. dxc5 Qc7 23. b4 Bc6 24. Ng5 Bxg5 25. Bxg5 Nf4 26. Bxf4 Qxf4 27. Rd1
g6 28. g3 Qf3 29. Qxf3 Bxf3 30. Re1 Rd8 31. Be4 Bxe4 32. Rxe4 Rd5 33. Kf1 Kf8
34. Ke2 Ke7 35. h4 f5 36. Re3 h6 37. Rc3 Re5+ 38. Kd2 Kd7 39. Rd3+ Kc7 40. Rd6
Kb7 41. Rd7+ Kc6 42. Rg7 f4 43. Rxg6 fxg3 44. fxg3 h5 45. Rg5 Re4 46. Rxh5 Rd4+
47. Kc3 Rd1 48. Re5 Kd7 49. h5 Rg1 50. Rg5 Ra1 51. Kb2 Rh1 52. g4 Rh3 53. Rg7+
Kc6 54. Rg6 Kd7 55. h6 a5 56. Rg7+ Kc6 57. g5 axb4 58. axb4 Rh4 59. Kc3 Rc4+ 60.
Kb3 Rh4 61. h7 Rh3+ 62. Kc2 Rh4 63. g6 Rc4+ 64. Kb3 Rh4 65. Rg8 Rh3+ 66. Kc2
Rh2+ 67. Kd3 Rh3+ 68. Ke4 Rh4+ 69. Ke5 {Black resigns} 1-0  aics%

[Event "Team 45 45 League T31"]
[Site "Internet Chess Club"]
[Date "2006.07.23"]
[Round "5"]
[White "mogwop"]
[Black "Warpdrive"]
[Result "1-0"]
[WhiteElo "1610"]
[BlackElo "1549"]
[TimeControl "2700+45"]

1. d4 Nf6 2. Nf3 g6 3. e3 d5 4. Bd3 b6 5. O-O Ba6 6. Re1 Bxd3 7. Qxd3 Bg7 8.
Nbd2 O-O 9. c3 Nbd7 10. e4 dxe4 11. Nxe4 Nxe4 12. Qxe4 Nf6 13. Qxe7 Re8 14. Qxd8
Raxd8 15. Bf4 Nd5 16. Bd2 c5 17. Rxe8+ Rxe8 18. dxc5 bxc5 19. Re1 Rb8 20. Bc1
Kf8 21. Ne5 Rb7 22. Nc4 Re7 23. Rxe7 Kxe7 24. Ne3 Kd6 25. Nxd5 Kxd5 26. Be3 a6
27. Kf1 Kc4 28. Ke2 a5 29. Kd2 a4 30. Kc2 f5 31. g3 Be5 32. b3+ axb3+ 33. axb3+
Kb5 34. Kd3 Bf6 35. h4 h5 36. Bd2 Kc6 37. Kc4 Be5 38. b4 cxb4 39. cxb4 Kd7 40.
Kc5 Bb8 41. Kb6 Ke6 42. Kb7 Bd6 43. b5 Kd5 44. Be3 Ke4 45. Kc8 Bxg3 46. fxg3
Kxe3 47. b6 Kf3 48. b7 Kxg3 49. b8=Q+ Kxh4 50. Qh2+ Kg5 51. Qg3+ Kh6 52. Kd7 g5
53. Qd6+ Kg7 54. Qe5+ Kg6 55. Qe6+ {Black resigns} 1-0  aics%

[Event "Team 45 45 League T31"]
[Site "Internet Chess Club"]
[Date "2006.07.20"]
[Round "5"]
[White "SeniorCitizen"]
[Black "kingofthespill"]
[Result "0-1"]
[WhiteElo "1348"]
[BlackElo "1557"]
[TimeControl "2700+45"]

1. e4 e5 2. Nf3 Nf6 3. Nc3 Bb4 4. d3 Bxc3+ 5. bxc3 d6 6. Be2 O-O 7. h3 Be6 8.
Ng5 Bd7 9. Rb1 b6 10. f4 Nc6 11. f5 Ne7 12. Bg4 d5 13. h4 h6 14. Nh3 dxe4 15. c4
exd3 16. cxd3 Nxg4 17. Qxg4 Bxf5 18. Qg3 Qxd3 19. Qxd3 Bxd3 20. Rb4 Nc6 {White
resigns} 0-1  aics%

[Event "Team 45 45 League T31"]
[Site "Internet Chess Club"]
[Date "2006.07.22"]
[Round "5"]
[White "AVEMARIA"]
[Black "allanchs"]
[Result "1-0"]
[WhiteElo "1691"]
[BlackElo "1566"]
[TimeControl "2700+45"]

1. e4 e5 2. Nf3 Nc6 3. Bb5 a6 4. Ba4 Nf6 5. O-O Be7 6. Re1 b5 7. Bb3 d6 8. h3
O-O 9. c3 Na5 10. Bc2 c5 11. d3 Qc7 12. Nbd2 Bd7 13. Nf1 Rac8 14. Bg5 h6 15. Bd2
Nc6 16. Ne3 a5 17. Rc1 b4 18. Ba4 bxc3 19. bxc3 Rb8 20. Nc4 Be6 21. Na3 Na7 22.
c4 Rb7 23. Nb5 Nxb5 24. Bxb5 Bd7 25. a4 Be6 26. Nh2 Ra7 27. f4 exf4 28. Bxf4 Nh7
29. Nf3 Bg5 30. Nxg5 hxg5 31. Bh2 Qe7 32. d4 cxd4 33. Qxd4 Rd8 34. Red1 f5 35.
Bxd6 Qf7 36. c5 fxe4 37. Bc4 Bxc4 38. Qxc4 Qxc4 39. Rxc4 Nf6 40. Re1 Kf7 41. Be5
Rad7 42. Bxf6 gxf6 43. Rcxe4 Rc8 44. Rc4 Rdc7 45. Rec1 Ke6 46. c6 Kd6 47. Rd1+
Ke6 48. Rc5 Rb8 49. Rxa5 Rxc6 50. Kh2 Rbb6 51. Re1+ Kd6 52. Rf5 Kd7 53. a5 Ra6
54. Kg3 Rc4 55. Ref1 Ke6 {Black resigns} 1-0  aics%

[Event "Team 45 45 League T31"]
[Site "Internet Chess Club"]
[Date "2006.07.25"]
[Round "5"]
[White "twintower"]
[Black "jazzyrick"]
[Result "1-0"]
[WhiteElo "1549"]
[BlackElo "1611"]
[TimeControl "2700+45"]

1. e4 c5 2. Nf3 d6 3. d4 cxd4 4. Nxd4 Nf6 5. Nc3 a6 6. f3 e6 7. Be3 Be7 8. Qd2
Bd7 9. O-O-O h5 10. h4 b5 11. Bg5 b4 12. Nce2 e5 13. Nf5 Bxf5 14. exf5 a5 15.
Ng3 Nc6 16. Bb5 Qb6 17. Bxc6+ Qxc6 18. Bxf6 gxf6 19. Qd5 Qa6 20. Ne4 Rd8 21. Rd3
Rg8 22. g3 Kf8 23. Rg1 Qb6 24. Rg2 a4 25. g4 Rc8 26. Nxd6 Rd8 27. Qxf7# {Black
checkmated} 1-0  aics%

[Event "Team 45 45 League T31"]
[Site "Internet Chess Club"]
[Date "2006.07.24"]
[Round "5"]
[White "DynamoKyiv"]
[Black "heh"]
[Result "0-1"]
[WhiteElo "1459"]
[BlackElo "1516"]
[TimeControl "2700+45"]

1. e4 e5 2. Nf3 d6 3. d4 exd4 4. Nxd4 Nf6 5. Nc3 c6 6. Bd3 Be7 7. O-O Bg4 8.
Nce2 O-O 9. h3 Bh5 10. Bf4 Bg6 11. Ng3 Qb6 12. Nb3 Nbd7 13. Re1 Rfe8 14. Qd2 Ne5
15. Rad1 Rad8 16. Qc3 Nxd3 17. cxd3 d5 18. e5 Nh5 19. Nxh5 Bxh5 20. Rd2 Bb4 21.
Qc2 Bxd2 22. Qxd2 d4 23. Bg3 c5 24. f4 Bg6 25. Bh4 Rd7 26. g4 f5 27. exf6 Rxe1+
28. Qxe1 gxf6 29. f5 Bf7 30. Qg3 c4 31. Nd2 Qxb2 32. Bxf6 Qc1+ 33. Nf1 Qh6 34.
g5 Qf8 35. g6 Bxg6 36. fxg6 Qxf6 37. gxh7+ Kxh7 38. Qf3 Qxf3 {White resigns} 0-1
 aics%

[Event "Team 45 45 League T31"]
[Site "Internet Chess Club"]
[Date "2006.07.21"]
[Round "5"]
[White "schweppz"]
[Black "ChessZak"]
[Result "0-1"]
[WhiteElo "1330"]
[BlackElo "1473"]
[TimeControl "2700+45"]

1. e4 c5 2. Nf3 Nc6 3. d4 cxd4 4. Nxd4 g6 5. Nc3 Bg7 6. Nxc6 bxc6 7. Bc4 Qc7 8.
Qf3 e6 9. Ne2 Ne7 10. Rb1 O-O 11. O-O d5 12. Bd3 Qa5 13. a3 Ba6 14. b4 Qb6 15.
Be3 Qb7 16. Bxa6 Qxa6 17. Bg5 dxe4 18. Qxe4 Nd5 19. c4 Nb6 20. c5 Nd5 21. Qf3
Qa4 22. Qh3 a5 23. Bh6 Bxh6 24. Qxh6 Qxa3 25. b5 cxb5 26. Rxb5 Qd3 27. Rb2 a4
28. Rd2 Qb5 29. Nd4 Qxc5 30. Nf3 Nf6 31. Rd4 Qh5 32. Qxh5 Nxh5 33. Ra1 a3 34.
Ne5 Rfd8 35. Rxd8+ Rxd8 36. Rxa3 Rd1# {White checkmated} 0-1

[Event "Team 45 45 League T31"]
[Site "Internet Chess Club"]
[Date "2006.07.25"]
[Round "5"]
[White "OnFire"]
[Black "buzzard"]
[Result "0-1"]
[WhiteElo "1651"]
[BlackElo "1571"]
[TimeControl "2700+45"]

1. e4 c5 2. Nf3 Nc6 3. d4 cxd4 4. Nxd4 Qb6 5. Nxc6 bxc6 6. Bc4 Nf6 7. e5 Qa5+ 8.
Nc3 Qxe5+ 9. Be3 d5 10. Be2 Ne4 11. Bd4 Nxc3 12. Bxc3 Qg5 13. O-O e5 14. Re1 Bd6
15. Bc4 Be6 16. Ba6 Rb8 17. b3 O-O 18. Qe2 f6 19. Bd2 Qg6 20. f4 Bd7 21. fxe5
fxe5 22. c4 Rbe8 23. Rac1 Rf6 24. c5 Bc7 25. Bd3 e4 26. Bc2 Bg4 27. Qa6 Qh5 28.
Qxa7 Qxh2# {White checkmated} 0-1  aics%

[Event "Team 45 45 League T31"]
[Site "Internet Chess Club"]
[Date "2006.07.23"]
[Round "5"]
[White "Migs-19"]
[Black "ElmerHo"]
[Result "0-1"]
[WhiteElo "1564"]
[BlackElo "1612"]
[TimeControl "2700+45"]

1. d4 d5 2. c4 c6 3. Nf3 Nf6 4. Bg5 dxc4 5. e4 Nxe4 6. Bxc4 Nxg5 7. Nxg5 Qa5+ 8.
Qd2 Qxd2+ 9. Nxd2 e6 10. O-O Nd7 11. Nde4 Be7 12. f4 O-O 13. Nf3 Nb6 14. Bd3 Nd5
15. g3 h6 16. a3 Rd8 17. Kf2 Nf6 18. Rfd1 Nxe4+ 19. Bxe4 Bf6 20. Ne5 Bd7 21.
Rac1 Bxe5 22. dxe5 Be8 23. Ke2 Kf8 24. a4 Ke7 25. a5 Rxd1 26. Rxd1 Rd8 27. Rd3
Rxd3 28. Kxd3 f6 29. exf6+ Kxf6 30. Kd4 b6 31. axb6 axb6 32. b4 Bd7 33. Ke3 e5
34. Kf3 exf4 35. Kxf4 g5+ 36. Ke3 Ke5 37. Bf3 c5 38. bxc5 bxc5 39. Kd3 Bb5+ 40.
Kc3 Kd6 41. Be4 Ke5 42. Bg6 Be2 43. Kd2 Bg4 44. Ke3 Bf5 45. Bf7 Be6 46. Bg6 c4
47. Bc2 Bf5 48. Ba4 Bd3 49. Kd2 Kd4 50. Bd1 c3+ 51. Kc1 Ke3 52. Bh5 Kf2 53. h4
Kxg3 54. hxg5 hxg5 55. Bf7 g4 56. Bb3 Kf2 57. Kd1 g3 58. Bd5 g2 59. Bxg2 Kxg2
60. Kc1 Kf2 61. Kd1 Ke3 62. Kc1 Bb1 63. Kxb1 Kd2 64. Ka2 c2 65. Kb3 c1=Q 66. Kb4
Qc3+ 67. Kb5 Kd3 68. Kb6 Qc4 69. Kb7 Qc5 70. Ka6 Qb4 71. Ka7 Qb5 72. Ka8 Kc4 73.
Ka7 Kc5 74. Ka8 Kc6 {White resigns} 0-1  aics%

[Event "Team 45 45 League T31"]
[Site "Internet Chess Club"]
[Date "2006.07.21"]
[Round "5"]
[White "Bowlomeat"]
[Black "jientho"]
[Result "1-0"]
[WhiteElo "1566"]
[BlackElo "1422"]
[TimeControl "2700+45"]

1. e4 e5 2. Nf3 Nf6 3. Nxe5 d6 4. Nf3 Nxe4 5. Nc3 d5 6. Qe2 Qe7 7. Nxd5 Ng3 8.
hxg3 Qxe2+ 9. Bxe2 Bd6 10. d4 Bf5 11. Bf4 O-O 12. Bxd6 cxd6 13. Ne7+ {Black
resigns} 1-0  aics%

[Event "Team 45 45 League T31"]
[Site "Internet Chess Club"]
[Date "2006.07.22"]
[Round "5"]
[White "kevinfons"]
[Black "Invicta-Knight"]
[Result "0-1"]
[WhiteElo "1410"]
[BlackElo "1447"]
[TimeControl "2700+45"]

1. c4 Nf6 2. Nc3 g6 3. d3 Bg7 4. e4 O-O 5. Nf3 c5 6. Be2 d6 7. O-O Nc6 8. a3 a6
9. Rb1 Bg4 10. h3 Bxf3 11. Bxf3 Nd4 12. Be3 e5 13. Bxd4 cxd4 14. Nd5 Nxd5 15.
exd5 Qa5 16. Qb3 Rfb8 17. Qa2 Bh6 18. b4 Qd8 19. c5 Bf8 20. c6 b5 21. Rbc1 Qc7
22. a4 bxa4 23. Qxa4 Rb5 24. Rb1 Bh6 25. Rb3 Bg5 26. Rfb1 f5 27. Qa2 Bd8 28. Qc2
Kf7 29. Qc4 Qb6 30. Ra1 Bc7 31. Ra5 Qb8 32. Rxb5 Qxb5 33. Qxb5 axb5 34. Rb1 Ra3
35. Be2 Ke8 36. f3 Kd8 37. Kf1 Kc8 38. g4 e4 39. dxe4 fxe4 40. fxe4 Rxh3 41. Kg2
Re3 42. Bxb5 Rxe4 43. Kf3 Re3+ 44. Kf4 Ra3 45. Be2 d3 46. Bf3 h6 47. b5 d2 48.
b6 Bxb6 49. Bd1 Kc7 50. Rb3 Ra1 51. Bf3 d1=Q 52. Bxd1 Rxd1 53. Rh3 Rd4+ 54. Kg3
Rd3+ 55. Kg2 Rd2+ 56. Kf1 Rxd5 57. Rxh6 Rg5 58. Ke2 Rxg4 59. Kf3 Rg1 60. Rh7+
Kxc6 61. Ke4 g5 62. Rg7 g4 63. Rg8 g3 64. Kf3 g2 65. Rc8+ Kd5 66. Rc2 Ke5 67.
Re2+ Kd5 68. Rd2+ Kc6 69. Rc2+ Bc5 70. Rd2 d5 71. Rc2 Kd6 72. Rd2 Be3 73. Ra2 d4
74. Ra6+ Kc5 75. Ra8 Kc4 76. Rc8+ Kd3 77. Rd8 Kd2 78. Re8 Rf1+ 79. Kxg2 Ke2 80.
Rd8 d3 81. Ra8 d2 82. Ra2 Rf2+ 83. Kg3 Ke1 {White resigns} 0-1  aics%

[Event "Team 45 45 League T31"]
[Site "Internet Chess Club"]
[Date "2006.07.20"]
[Round "5"]
[White "Nelsi"]
[Black "ChessAddict"]
[Result "1/2-1/2"]
[WhiteElo "2193"]
[BlackElo "2119"]
[TimeControl "2700+45"]

1. e4 e6 2. Qe2 Nf6 3. Nf3 d5 4. exd5 Nxd5 5. g3 Be7 6. Bg2 O-O 7. d3 c5 8. O-O
Nc6 9. a3 Bf6 10. Nbd2 g6 {Game drawn by mutual agreement} 1/2-1/2  aics%

[Event "Team 45 45 League T31"]
[Site "Internet Chess Club"]
[Date "2006.07.22"]
[Round "5"]
[White "BorgCollective"]
[Black "deathmage"]
[Result "1-0"]
[WhiteElo "1910"]
[BlackElo "1690"]
[TimeControl "2700+45"]

1. f4 c5 2. Nf3 Nf6 3. e3 g6 4. Be2 Bg7 5. O-O O-O 6. Qe1 d6 7. Qg3 Nc6 8. a3
Qb6 9. Nc3 a6 10. d3 Qa7 11. Kh1 b5 12. e4 Nd4 13. Nxd4 cxd4 14. Nd1 Qc7 15. c3
dxc3 16. Nxc3 e6 17. Qh4 Nd7 18. f5 Bxc3 19. bxc3 Qxc3 20. Bh6 Re8 21. fxg6 hxg6
22. Qf4 f5 23. Qxd6 Qf6 24. Qg3 Kf7 25. exf5 exf5 26. Bf3 Nb6 27. Bxa8 Nxa8 28.
Rac1 Bb7 29. Rfe1 Rxe1+ 30. Rxe1 Qc3 31. Qe3 Qc7 32. Qe6# {Black checkmated} 1-0
 aics%

[Event "Team 45 45 League T31"]
[Site "Internet Chess Club"]
[Date "2006.07.21"]
[Round "5"]
[White "sogtulakk"]
[Black "Phosphorus"]
[Result "0-1"]
[WhiteElo "2089"]
[BlackElo "2209"]
[TimeControl "2700+45"]

1. d4 Nf6 2. c4 g6 3. Nc3 Bg7 4. Nf3 O-O 5. Bg5 d6 6. e3 c5 7. Be2 cxd4 8. exd4
h6 9. Bf4 Bf5 10. O-O Ne4 11. Nxe4 Bxe4 12. Qd2 g5 13. Be3 e6 14. Rad1 Nc6 15.
Ne1 Bg6 16. f4 gxf4 17. Rxf4 e5 18. Rg4 Nxd4 19. Bxd4 exd4 20. Rxd4 Bxd4+ 21.
Qxd4 Qb6 22. Qxb6 axb6 23. Rxd6 Rfe8 24. Kf2 Rad8 25. Rxd8 Rxd8 26. Nf3 Be4 27.
Ne5 Rd2 28. Ke3 Rxb2 29. Bh5 f5 30. g4 Rxa2 31. gxf5 Bxf5 32. c5 Rxh2 33. Bf7+
Kg7 34. cxb6 Kf6 35. Nf3 Rb2 36. Bd5 Rxb6 37. Nd4 Rb2 38. Bg8 b5 {White resigns}
0-1  aics%

[Event "Team 45 45 League T31"]
[Site "Internet Chess Club"]
[Date "2006.07.23"]
[Round "5"]
[White "jayes"]
[Black "spacecadet"]
[Result "0-1"]
[WhiteElo "1951"]
[BlackElo "1845"]
[TimeControl "2700+45"]

1. e4 c5 2. Nf3 d6 3. d4 cxd4 4. Nxd4 Nf6 5. Nc3 g6 6. Be3 Bg7 7. f3 O-O 8. Qd2
Nc6 9. O-O-O Nxd4 10. Bxd4 Be6 11. Nd5 Nd7 12. Qg5 Re8 13. h4 h6 14. Qd2 Bxd5
15. Bxg7 Kxg7 16. Qc3+ Nf6 17. exd5 Rc8 18. Qb3 h5 19. Bb5 Rh8 20. Rhe1 a6 21.
Bf1 b5 22. Re3 Rc5 23. Kb1 Qc7 24. c3 Rb8 25. Red3 a5 26. Rd4 b4 27. c4 Qa7 28.
g4 a4 29. Qe3 a3 30. b3 Rxd5 31. cxd5 Nxd5 32. Qd3 Nc3+ 33. Ka1 Nxd1 34. Qxd1
Qc5 35. Bc4 Rd8 36. Rd5 Qf2 37. Qe2 Qxh4 38. gxh5 e6 39. Rd1 d5 40. Kb1 dxc4 41.
Rxd8 Qxd8 42. hxg6 cxb3 43. axb3 fxg6 44. Qe5+ Kh7 45. Qh2+ Kg8 46. Qe2 Qd5 47.
Ka2 Kg7 48. Qe1 Qd4 49. Qe2 Qb2+ 50. Qxb2+ axb2 51. Kxb2 Kf6 52. Kc2 Kf5 53. Kd3
Kf4 54. Ke2 e5 {White resigns} 0-1  aics%

[Event "Team 45 45 League T31"]
[Site "Internet Chess Club"]
[Date "2006.07.22"]
[Round "5"]
[White "marson"]
[Black "martineden"]
[Result "0-1"]
[WhiteElo "1980"]
[BlackElo "1993"]
[TimeControl "2700+45"]

1. d4 c5 2. d5 Nf6 3. Nc3 Qa5 4. Bd2 Qb6 5. e4 e6 6. dxe6 dxe6 7. Nf3 Be7 8. Bc4
Nc6 9. O-O O-O 10. e5 Nd7 11. Qe2 Qxb2 12. Rfb1 Qa3 13. Qe4 Qa5 14. Bd3 f5 15.
exf6 Nxf6 16. Qh4 Qd8 17. Ne4 Nd5 18. Qg3 Nf6 19. Qh4 Nd5 20. Qg3 Nf6 21. Bc3
Nd4 22. Nxd4 cxd4 23. Nxf6+ Bxf6 24. Rd1 Bh4 25. Qe5 Bxf2+ 26. Kh1 dxc3 27.
Bxh7+ Kxh7 28. Rxd8 Rxd8 29. Qh5+ Kg8 30. Rf1 Rf8 31. Qe2 Bd4 32. Rxf8+ Kxf8 33.
Qf3+ Bf6 34. g4 Kg8 35. g5 Bxg5 36. Qxc3 Bd7 {White resigns} 0-1  aics%

[Event "Team 45 45 League T31"]
[Site "Internet Chess Club"]
[Date "2006.07.23"]
[Round "5"]
[White "JohnnySP"]
[Black "Stroggs"]
[Result "1/2-1/2"]
[WhiteElo "1831"]
[BlackElo "1889"]
[TimeControl "2700+45"]

1. e4 e6 2. d4 d5 3. e5 c5 4. c3 Nc6 5. Nf3 Bd7 6. Be2 Nge7 7. Na3 cxd4 8. cxd4
Nf5 9. Nc2 Nb4 10. Bd2 Nxc2+ 11. Qxc2 Qb6 12. Bc3 Rc8 13. Qd2 Bb5 14. a3 Be7 15.
Bd3 O-O 16. O-O Bxd3 17. Qxd3 Rc4 18. Rfd1 Rfc8 19. Qd2 a6 20. g4 Nh6 21. h3 Qb3
22. Qe3 Rxc3 23. bxc3 Rxc3 24. Qe2 Rxf3 25. Rab1 Qxa3 26. Ra1 Qc3 27. Rac1 Qa3
28. Ra1 Qc3 29. Rac1 Qa3 {Game drawn by mutual agreement} 1/2-1/2  aics%

[Event "Team 45 45 League T31"]
[Site "Internet Chess Club"]
[Date "2006.07.21"]
[Round "5"]
[White "A-Ru"]
[Black "chickenhead"]
[Result "0-1"]
[WhiteElo "1910"]
[BlackElo "1909"]
[TimeControl "2700+45"]

1. d4 d5 2. Nf3 Nf6 3. e3 e6 4. Bd3 c5 5. b3 Bd6 6. Bb2 b6 7. Qe2 O-O 8. O-O Re8
9. Nbd2 Nbd7 10. Ne5 Bb7 11. f4 Ne4 12. Nxe4 dxe4 13. Bb5 Bxe5 14. fxe5 a6 15.
Bxd7 Qxd7 16. Rf4 Rac8 17. Raf1 Rf8 18. c3 Bc6 19. Qh5 cxd4 20. exd4 Bb5 21. Rh4
f5 22. exf6 g6 23. f7+ Rxf7 {White resigns} 0-1  aics%

[Event "Team 45 45 League T31"]
[Site "Internet Chess Club"]
[Date "2006.07.24"]
[Round "5"]
[White "Nosferatu1"]
[Black "upturnedcircle"]
[Result "0-1"]
[WhiteElo "1865"]
[BlackElo "1700"]
[TimeControl "2700+45"]

1. d4 d5 2. c4 e6 3. Nf3 Nf6 4. Bg5 Be7 5. e3 O-O 6. Nc3 h6 7. Bh4 b6 8. Bd3 Bb7
9. O-O Nbd7 10. cxd5 exd5 11. Re1 Ne4 12. Bxe7 Qxe7 13. Qc2 c5 14. Nxe4 dxe4 15.
Be2 exf3 16. gxf3 Qf6 17. e4 cxd4 18. Qc7 Nc5 19. b4 Rac8 20. Qg3 Ne6 21. Kh1
Nf4 22. Bf1 Rfe8 23. Rad1 Re5 24. Qg4 Rd8 25. h4 Bc8 26. Qg3 Nh5 27. Qh2 Qxf3+
28. Bg2 Qxf2 29. Qxe5 Bh3 30. Rg1 Ng3+ 31. Kh2 Bxg2 32. Qxg3 Qxg3+ 33. Kxg3 Bxe4
34. Kf4 f5 35. Rc1 Rd7 36. a4 Kf7 37. Rge1 Kf6 38. Red1 g5+ 39. Kg3 g4 40. Kf4
d3 41. Rd2 Rg7 42. Rg1 Ke6 43. Rg3 Kd5 44. Rg1 Kc4 45. a5 b5 46. Ke3 Kxb4 47. a6
Kc5 48. Rxd3 Bxd3 49. Kxd3 Kb6 50. Ke3 Kxa6 51. Kf4 Rf7 52. Re1 Ka5 53. Re6 b4
54. Rxh6 b3 55. Re6 Ka4 56. Re1 b2 57. h5 Ka3 58. Kg5 Ka2 59. Kg6 Rb7 60. Re2
Ka1 61. Re3 b1=Q 62. Ra3+ Kb2 {White resigns} 0-1  aics%

[Event "Team 45 45 League T31"]
[Site "Internet Chess Club"]
[Date "2006.07.24"]
[Round "5"]
[White "DaveTheRook"]
[Black "burnsja2003"]
[Result "0-1"]
[WhiteElo "1687"]
[BlackElo "1718"]
[TimeControl "2700+45"]

1. d4 d5 2. c4 e6 3. Nc3 Nf6 4. Bg5 Be7 5. Nf3 O-O 6. e3 b6 7. Bd3 Bb7 8. O-O
Nbd7 9. Qe2 c5 10. Rac1 dxc4 11. Bxc4 Ne4 12. Nxe4 Bxe4 13. Bxe7 Qxe7 14. Rfd1
Nf6 15. dxc5 bxc5 16. Ne5 Rad8 17. f3 Ba8 18. Qe1 Rxd1 19. Qxd1 Qc7 20. Nd3 Qb6
21. Qb3 Rd8 22. Qb5 Rc8 23. e4 Ne8 24. Qxb6 axb6 25. Rc3 Nd6 26. Ba6 Rb8 27. e5
Nf5 28. Kf2 Nd4 29. Bc4 g6 30. Nf4 b5 31. Be2 c4 32. Ke3 Rd8 33. Bf1 Bc6 34. Ne2
Nf5+ 35. Kf4 Ra8 36. g4 Ne7 37. Nd4 Nd5+ 38. Kg5 Nxc3 39. Nxc6 Nd1 40. Nb4 Nxb2
41. f4 Nd3 42. Nxd3 cxd3 43. Bxd3 Rxa2 44. Bxb5 Rxh2 45. Kf6 Rf2 46. Kg5 Kg7 47.
Kh4 Rxf4 {White resigns} 0-1  aics%

[Event "Team 45 45 League T31"]
[Site "Internet Chess Club"]
[Date "2006.07.21"]
[Round "5"]
[White "NESKAYA"]
[Black "nursey"]
[Result "1/2-1/2"]
[WhiteElo "1663"]
[BlackElo "1633"]
[TimeControl "2700+45"]

1. e4 e6 2. d4 d5 3. exd5 exd5 4. h3 Bd6 5. Nf3 Nf6 6. Bg5 O-O 7. Be2 Re8 8. O-O
h6 9. Bh4 c6 10. c4 dxc4 11. Bxc4 Be6 12. Bxe6 Rxe6 13. Nc3 Nbd7 14. Qb3 b6 15.
d5 cxd5 16. Nxd5 Re2 17. Rfe1 Nc5 18. Nxf6+ gxf6 19. Qb5 Rc2 20. b3 Rc8 21. Nd4
Rd2 22. Nf5 Kh7 23. Nxd6 Qxd6 24. b4 Qd4 25. Bg3 Qd3 26. Qxd3+ Nxd3 27. Re7 Rcc2
28. Rxf7+ Kg6 29. Rd7 Nxb4 30. Rxa7 Nxa2 31. Ra6 b5 32. Rb6 Nc3 33. Raa6 Ne4 34.
Rxb5 Nxg3 35. fxg3 Rxg2+ 36. Kf1 Rxg3 37. h4 Rf3+ 38. Kg1 Rg3+ 39. Kf1 Rh3 40.
h5+ Rxh5 41. Rxh5 Kxh5 42. Rxf6 Kg5 43. Rf8 Kg4 44. Rg8+ Kf3 45. Rf8+ Kg3 46.
Rg8+ Kf3 47. Rf8+ Ke4 48. Rh8 Rh2 49. Kg1 Rh3 50. Kg2 Rh5 51. Kg3 Rh1 52. Kg2
Rh4 53. Kg3 Rh5 54. Kg4 Rh1 55. Kg3 h5 56. Kg2 Rh4 57. Kg3 Rg4+ 58. Kh3 Rg5 59.
Kh4 Rg1 60. Re8+ Kf5 61. Rf8+ Ke5 62. Kxh5 Ke4 {Game drawn by mutual agreement}
1/2-1/2  aics%

[Event "Team 45 45 League T31"]
[Site "Internet Chess Club"]
[Date "2006.07.29"]
[Round "5"]
[White "Beancounter"]
[Black "Amauta"]
[Result "0-1"]
[WhiteElo "1674"]
[BlackElo "1938"]
[TimeControl "2700+45"]

1. e4 c5 2. Nf3 Nc6 3. d4 cxd4 4. Nxd4 e5 5. Nb5 d6 6. N1c3 a6 7. Na3 h6 8. Nd5
Nf6 9. Nxf6+ Qxf6 10. c3 Qg6 11. Qc2 Be6 12. Be3 Be7 13. O-O-O b5 14. Kb1 Rc8
15. Nxb5 axb5 16. Bxb5 O-O 17. Bxc6 Rxc6 18. Qa4 Rc4 19. Qa7 Qxe4+ 20. Ka1 Ra4
{White resigns} 0-1  aics%

[Event "Team 45 45 League T31"]
[Site "Internet Chess Club"]
[Date "2006.07.22"]
[Round "5"]
[White "Simonside"]
[Black "Jozin"]
[Result "1-0"]
[WhiteElo "1952"]
[BlackElo "1586"]
[TimeControl "2700+45"]

1. Nf3 Nf6 2. g3 e6 3. Bg2 d5 4. c4 b6 5. O-O Be7 6. b3 O-O 7. Bb2 Nbd7 8. d3 c5
9. e3 Bb7 10. Nc3 a6 11. Qe2 Rb8 12. Rfd1 Re8 13. cxd5 Nxd5 14. Nxd5 Bxd5 15. d4
Bb7 16. dxc5 Bxc5 17. Ne5 Bxg2 18. Rxd7 Qc8 19. Qh5 g6 20. Qh6 Bf8 21. Ng4 Bxh6
22. Nxh6+ {Black resigns} 1-0  aics%

[Event "Team 45 45 League T31"]
[Site "Internet Chess Club"]
[Date "2006.07.24"]
[Round "5"]
[White "rabanito"]
[Black "room-matt"]
[Result "0-1"]
[WhiteElo "1542"]
[BlackElo "1943"]
[TimeControl "2700+45"]

1. e4 e5 2. Nf3 Nc6 3. Bb5 a6 4. Ba4 Nf6 5. O-O Be7 6. Qe2 b5 7. Bb3 O-O 8. c3
d5 9. d3 d4 10. Bg5 Bb7 11. Re1 Re8 12. Nbd2 dxc3 13. bxc3 b4 14. cxb4 Bxb4 15.
Rec1 a5 16. Nf1 Ra6 17. Bc4 Rb6 18. a3 Bf8 19. Be3 Nd4 20. Nxd4 exd4 21. Bg5 h6
22. Bd2 Re5 23. Ng3 Qd7 24. f4 Rc5 25. Bxf7+ Qxf7 26. Bxa5 {White resigns} 0-1 
aics%

[Event "Team 45 45 League T31"]
[Site "Internet Chess Club"]
[Date "2006.07.22"]
[Round "5"]
[White "jientho"]
[Black "allanchs"]
[Result "0-1"]
[WhiteElo "1412"]
[BlackElo "1577"]
[TimeControl "2700+45"]

1. e4 e5 2. Nf3 Nc6 3. Bc4 Bc5 4. b4 Bxb4 5. c3 Ba5 6. d4 exd4 7. O-O Nf6 8. e5
Ne4 9. cxd4 O-O 10. Bd5 Nc3 11. Nxc3 Bxc3 12. Bg5 Qe8 13. Rc1 Bb4 14. Rb1 Ba5
15. Rb5 Bb6 16. Bc1 d6 17. Ba3 Nxe5 18. Rxb6 Nxf3+ 19. Qxf3 axb6 20. Bxb7 Bxb7
21. Qxb7 Rxa3 22. Qxc7 Qb8 23. Qc1 Rxa2 24. d5 Rc8 25. Qe3 Re8 26. Qc3 h6 27.
Re1 Rxe1+ 28. Qxe1 b5 29. h4 b4 {White resigns} 0-1  aics%

[Event "Team 45 45 League T31"]
[Site "Internet Chess Club"]
[Date "2006.07.21"]
[Round "5"]
[White "EdBorowski"]
[Black "JustinSane"]
[Result "1-0"]
[WhiteElo "2034"]
[BlackElo "2155"]
[TimeControl "2700+45"]

1. d4 Nf6 2. Nf3 g6 3. Bf4 Bg7 4. e3 O-O 5. Bc4 d5 6. Bb3 c5 7. dxc5 Na6 8. c3
Nxc5 9. Bc2 b6 10. O-O Bb7 11. Nbd2 Nfe4 12. Nxe4 dxe4 13. Ng5 e5 14. Qxd8 Rfxd8
15. Bg3 h6 16. Nh3 Rd2 17. Rac1 f5 18. Rfd1 Rad8 19. b4 Ne6 20. Bb3 Kf7 21. Rxd2
Rxd2 22. Rd1 Rxd1+ 23. Bxd1 g5 24. f3 f4 25. Bf2 a5 26. fxe4 Bxe4 27. exf4 exf4
28. Bxb6 Bxc3 29. bxa5 Kf6 30. a6 Bd4+ 31. Bxd4+ Nxd4 32. Nf2 Bd5 33. Bb3 Nxb3
34. axb3 Bxb3 35. Ne4+ Ke5 36. Nc3 {Black resigns} 1-0  aics%

[Event "Team 45 45 League T31"]
[Site "Internet Chess Club"]
[Date "2006.07.26"]
[Round "5"]
[White "fileman"]
[Black "Flying-Tiger"]
[Result "0-1"]
[WhiteElo "1903"]
[BlackElo "1950"]
[TimeControl "2700+45"]

1. e4 c5 2. Nf3 g6 3. d4 cxd4 4. Qxd4 Nf6 5. e5 Nc6 6. Qa4 Nd5 7. c4 Nc7 8. Nc3
Bg7 9. Bf4 O-O 10. Bd3 b6 11. O-O Bb7 12. Nb5 Ne6 13. Bg3 a6 14. Nc3 Ncd4 15.
Nxd4 Nxd4 16. c5 bxc5 17. Ne4 Bxe4 18. Bxe4 Ne2+ 19. Kh1 Nxg3+ 20. hxg3 Rb8 21.
Rfd1 d6 22. exd6 exd6 23. Qxa6 Bd4 24. Rab1 Bxf2 25. Qxd6 Qa5 26. Qf4 Bd4 27.
Bd5 Rxb2 28. Rxb2 Bxb2 29. Rf1 Qa7 30. g4 Qe7 31. g5 Bd4 32. Rf3 Be5 33. Qh4 Kh8
34. Rh3 f6 35. gxf6 Rxf6 36. Qe1 Bd6 37. Qb1 Qe5 38. Bf3 Re6 39. Kg1 c4 40. Qd1
c3 41. Qc2 Qe1# {White checkmated} 0-1  aics%